 Dungeon Crawl Stone Soup version 0.31-a0-214-gb37851dbb3 (webtiles) character file.

Game seed: 11378314570256597647

38 qw the Chopper (level 3, -1/23 HPs)
             Began as a Gargoyle Fighter on July 1, 2023.
             Slain by a goblin
             ... wielding a +0 dagger
             ... led by Robin
              (5 damage)
             ... on level 2 of the Dungeon.
             The game lasted 00:00:32 (867 turns).

qw the Chopper (Gargoyle Fighter)                    Turns: 867, Time: 00:00:32

Health: -1/23      AC: 15    Str: 21    XL:     3   Next: 43%
Magic:  3/3        EV:  5    Int:  8    God:
Gold:   9          SH:  4    Dex:  9    Spells: 2/2 levels left

rFire   . . .        Y - +0 war axe
rCold   . . .        c - +0 buckler
rNeg    + . .        g - +0 plate armour
rPois   inf          (no helmet)
rElec   +            (no cloak)
rCorr   .            e - +0 pair of gloves
SInv    .            (no boots)
Will    .....        (no amulet) Stlth
                     (no ring)
HPRegen 0.23/turn    (no ring)
MPRegen 0.08/turn

%: no passive effects
@: no status effects
A: sickness immunity, AC +3, negative energy resistance 1, electricity
resistance, torment resistance 1, petrification resistance
a: no special abilities


You were on level 2 of the Dungeon.
You visited 1 branch of the dungeon, and saw 2 of its levels.

You collected 9 gold pieces.


Innate Abilities, Weirdness & Mutations

You are immune to sickness and miasma.
Your stone body is resilient. (AC +3)
You are immune to poison.
You resist negative energy. (rN+)
You are resistant to electric shocks. (rElec)
You are resistant to unholy torment.
You are immune to petrification.


   Skills:
 - Level 3.2 Fighting
 + Level 3.4 Axes
 - Level 3.2 Armour
 - Level 3.2 Shields


You had 2 spell levels left.
You didn't know any spells.
Your spell library was empty.

Inventory:

Hand Weapons
 m - a +0 mace
 Y - a +0 war axe (weapon)
Armour
 c - a +0 buckler (worn)
 e - a +0 pair of gloves (worn)
 g - a +0 plate armour (worn)
Potions
 d - a potion of might
 h - a potion of heal wounds {unknown}

Dungeon Overview and Level Annotations

Branches:
Dungeon (2/15)

Altars:

Annotations:
D:2 Robin


Message History

You slash the hobgoblin!
You kill the hobgoblin!
The goblin hits you with a +0 club. Robin throws the goblin at you!
The goblin hits you but does no damage. x2; The goblin barely misses you.
A goblin comes into view. It is wielding a +0 dagger.
You barely miss the goblin.
The goblin is severely wounded.
You closely miss the goblin. You barely miss Robin.
The goblin hits you but does no damage. You block Robin's attack.
The goblin barely misses you.
You closely miss the goblin.
The goblin is severely wounded.
You hit Robin. You hit the goblin.
The goblin no longer looks unusually strong.
The goblin barely misses you. You block the goblin's attack.
Robin hits you but does no damage.
You barely miss the goblin.
The goblin is severely wounded.
You barely miss the goblin. You slash the goblin!
You kill the goblin!
You hit Robin but do no damage. The goblin hits you but does no damage.
Robin hits you but does no damage.
The goblin hits you but does no damage. x2; The goblin hits you with a +0 club.
Robin roars a battlecry!
The goblin goes into a battle-frenzy!
You completely miss the goblin.
The goblin is severely wounded.
You hit Robin but do no damage. You barely miss the goblin. x2
The goblin no longer looks unusually strong.
The goblin hits you but does no damage. x2; The goblin hits you with a +0 club.
Robin roars a battlecry!
The goblin goes into a battle-frenzy!
You closely miss the goblin.
The goblin is severely wounded.
You barely miss Robin. You hit the goblin.
You kill the goblin!
You slash the goblin!
You kill the goblin!
The goblin hits you with a +0 dagger.
You die...

#### ...###
..... #...#
#...# #
###g).##.##
#..@)......
#.#)g.##.##
# #<..#
#...#
#......
#........
#.#.#####
#.#.# ..#.#


You could see Robin and a goblin (strong).

Vanquished Creatures
  An endoplasm (D:1)
  10 goblins
  6 hobgoblins
  3 jackals (D:1)
  2 kobolds (D:1)
  3 quokkas (D:1)
  3 bats (D:1)
  3 frilled lizards (D:1)
  3 rats (D:1)
34 creatures vanquished.

Notes
Turn   | Place    | Note
-------+----------+-------------------------------------------
     0 | D:1      | qw the Gargoyle Fighter began the quest for the Orb.
     0 | D:1      | Reached XP level 1. HP: 14/14 MP: 1/1
     0 | D:1      | 0 ||| qw: Version: 0.3-a-32-g5962c71
     0 | D:1      | 0 ||| qw: Game counter: 7558
     0 | D:1      | 0 ||| qw: Melee chars always use a shield: true
     0 | D:1      | 0 ||| qw: God list: Okawaru
     0 | D:1      | 0 ||| qw: Allow faded altars: false
     0 | D:1      | 0 ||| qw: Do Orc after clearing Dungeon:15 true
     0 | D:1      | 0 ||| qw: Do second Lair branch before Depths: true
     0 | D:1      | 0 ||| qw: Lair rune preference: random
     0 | D:1      | 0 ||| qw: Goals: Normal, Zot:1-4, Slime:5, God:TSO, Crypt,
                  | Tomb, Abyss, Pan, Hells, Win
     0 | D:1      | 0 ||| PLANNING D:1-11
    42 | D:1      | 42 ||| Stepping ~*~*~tactically~*~*~ (hiding).
    43 | D:1      | 43 ||| Stepping ~*~*~tactically~*~*~ (hiding).
    45 | D:1      | 45 ||| Stepping ~*~*~tactically~*~*~ (hiding).
    46 | D:1      | 46 ||| Stepping ~*~*~tactically~*~*~ (hiding).
   144 | D:1      | Reached XP level 2. HP: 15/19 MP: 2/2
   332 | D:1      | 332 ||| Stepping ~*~*~tactically~*~*~ (stealth).
   360 | D:1      | Found a faded altar of an unknown god.
   432 | D:1      | 432 ||| DROPPING +0 whip.
   522 | D:1      | 522 ||| UPGRADING to +0 pair of gloves.
   527 | D:1      | 527 ||| UPGRADING to +0 plate armour.
   537 | D:1      | 537 ||| DROPPING +0 scale mail.
   538 | D:1      | 538 ||| READING scroll labelled RUAT LOSARA.
   582 | D:1      | Reached skill level 3 in Axes
   621 | D:1      | 621 ||| READING scroll labelled HIBEBB OZISYKO.
   622 | D:1      | 622 ||| READING scroll labelled TOISHRU JOSUUR YTSE.
   623 | D:1      | 623 ||| READING scroll labelled KAHUM XESCH.
   624 | D:1      | 624 ||| DRINKING 2 bubbling black potions.
   628 | D:1      | 628 ||| DROPPING potion of ambrosia.
   633 | D:1      | Reached XP level 3. HP: 23/23 MP: 3/3
   854 | D:2      | Noticed Robin
   866 | D:2      | HP: 4/23 [goblin/+0 club[Robin] (6)]
   867 | D:2      | Slain by a goblin

Levels and vault maps discovered:
D:1:      dpeg_arrival_simpleton_c, layout_basic,
          shapermc_ecumenical_altar_rom_forum, hangedman_glass_teeth
D:2:      layout_loops_ring, serial_shops, nicolae_shop_tiny_real_fake_doors,
          uniq_sigmund, uniq_robin

Skill      XL: |  1  2 |
---------------+-------+-----
Axes           | 2 3 |  3.4
Fighting       | |  3.2
Armour         | |  3.2
Shields        | |  3.2

Action                     || total
---------------------------++-------
  Melee: War axe           ||    87
    Use: Scroll            ||     4
         Potion            ||     1
 Armour: Scale mail        ||    43
         Plate armour      ||    29
  Dodge: Dodged            ||    29
  Block: Buckler           ||    23

Table legend:
 A = Non-vault XP
 B = Vault XP
 C = Vault XP percentage of total XP
 D = Non-vault monster count
 E = Vault monster count
 F = Vault count percentage of total count
                 A         B        C        D         E       F
            +---------+---------+-------+---------+---------+-------
      Total |      38 |      21 |  35.6 |      23 |      11 |  32.4
            +---------+---------+-------+---------+---------+-------
        D:1 |      36 |       0 |   0.0 |      22 |       0 |   0.0
        D:2 |       2 |      21 |  91.3 |       1 |      11 |  91.7
            +---------+---------+-------+---------+---------+-------
